 Dungeon Crawl Stone Soup version 0.22-a0-348-gd16d139 (webtiles) character file.

2932 Gorglomux the Protected (level 9, -2/83 HPs)
             Began as a Minotaur Earth Elementalist on Apr 10, 2018.
             Was a Priest of Okawaru.
             Slain by a chaos spawn (11 damage)
             ... on level 8 of the Dungeon.
             The game lasted 00:10:21 (8910 turns).

Gorglomux the Protected (MiEE)                      Turns: 8910, Time: 00:10:21

Health: -2/83      AC: 19    Str: 16    XL:     9   Next: 50%
Magic:  1/3        EV:  8    Int: 12    God:    Okawaru [***...]
Gold:   333        SH:  0    Dex: 11    Spells: 9/10 levels left

rFire    . . .     SeeInvis .   a - +0 hand axe (antimagic)
rCold    . . .     Gourm    +   (no shield)
rNeg     . . .     Faith    .   A - +0 plate armour
rPois    .         Spirit   .   (helmet restricted)
rElec    .         Reflect  .   (no cloak)
rCorr    .         Harm     .   v - +0 pair of gloves
MR       .....                  r - +0 pair of boots
Stlth    ..........             S - amulet of the gourmand
HPRegen  0.23/turn              (no ring)
MPRegen  0.08/turn              (no ring)

@: heroism, drained
A: retaliatory headbutt, horns 2
a: Heroism, Renounce Religion


You were on level 8 of the Dungeon.
You worshipped Okawaru.
Okawaru was most pleased with you.
You were very full.

You visited 1 branch of the dungeon, and saw 8 of its levels.

You collected 333 gold pieces.

Inventory:

Hand Weapons
 a - a +0 antimagic hand axe (weapon)
 b - a +2 dagger of draining
Missiles
 y - 178 stones (quivered)
 Z - 2 throwing nets
Armour
 r - a +0 pair of boots (worn)
 v - a +0 pair of gloves (worn)
 A - a +0 plate armour (worn)
 L - a +0 buckler
Jewellery
 N - an uncursed amulet of harm {unknown}
 S - an amulet of the gourmand (around neck)
 Y - a cursed amulet of inaccuracy {unknown}
Wands
 I - a wand of iceblast (7)
Scrolls
 f - 2 scrolls of amnesia
 i - 2 scrolls of enchant weapon
 n - 6 scrolls of remove curse
 w - a scroll of immolation {unknown}
 O - a scroll of magic mapping {unknown}
 P - a scroll of enchant armour {unknown}
 R - 3 scrolls of identify
 T - 2 scrolls of teleportation
 U - a scroll of fog
Potions
 k - a potion of cancellation
 m - 4 potions of mutation {!q}
 M - a potion of haste {unknown}
 Q - 2 potions of curing
 V - a potion of brilliance
 W - 4 potions of flight
 X - a potion of degeneration {unknown}
Comestibles
 d - 23 rations


   Skills:
 + Level 9.2(13.8) Fighting
 + Level 8.6(13.2) Axes
 + Level 9.3(13.9) Armour
 - Level 2.1(6.8) Dodging
 - Level 1.5(6.2) Stealth
 - Level 1.3(1.0) Spellcasting
   Level 0.7(0.4) Transmutations
 - Level 2.4(2.1) Earth Magic


You had 9 spell levels left.
You knew the following spells:

 Your Spells              Type           Power        Failure   Level  Hunger
a - Sandblast             Erth           #.....       95%         1    ##.....


Dungeon Overview and Level Annotations

Branches:
Dungeon (8/15)             Temple (0/1) D:4
   Lair: D:8-11

Altars:
Dithmenos
Gozag
Kikubaaqudgha
Okawaru
Ru
Uskayaw
Vehumet
Zin
The Shining One

Shops:
D:4 *


Innate Abilities, Weirdness & Mutations

You reflexively headbutt those who attack you in melee.
You have a pair of horns on your head.


Message History

Your headbutt misses the chaos spawn! You miss the chaos spawn!
You feel sick!
The chaos spawn gores you! * * * don't die
* * * You are lethally poisoned!!!
The chaos spawn poisons you!!!
The chaos butt hits you but does no damage!
You gain the combat prowess of a mighty hero! * * * don't die
* * * You feel sick!
The freed slave misses the chaos spawn!
The chaos spawn gores you but does no damage!
The chaos butt hits you but does no damage!
Unknown command!
Butt feel better!
The freed slave hits the chaos spawn!
The chaos spawn hits the freed slave!!!
The freed slave flickers and vanishes!!!
The chaos spawn gibbers incoherently in a cacophony of voices!
The chaos spawn gores you!!! * * * don't die
* * * The chaos spawn freezes you!!! rip

#### #.######## ##..#
#....#..# #@..# #<...#
##44## ##..## ##.{##
##...# .#### ##..##
##....# .....###...#
##...### ..........##
##...##
.........######
##...##
..............###...##
...........p...#...##


You could see 2 chaos spawn.

Vanquished Creatures
  Pikel (D:8)
  Prince Ribbit (D:6)
  Sigmund (D:6)
  The ghost of Gorglomux the Covered, an amateur MiEE (D:4)
  2 orc warriors
  2 ice beasts
  A sky beast (D:5)
  An ogre (D:7)
  4 bullfrogs
  3 wights (D:6)
  4 crimson imps
  A bullfrog zombie (D:7)
  2 bullfrog skeletons (D:5)
  5 orc priests
  A gnoll shaman (D:6)
  3 hounds
  6 iguanas
  7 worker ants
  4 gnolls (D:6)
  5 adders
  2 shadow imps (D:5)
  3 worms
  4 dart slugs
  5 leopard geckos
  27 orcs
  5 bats
  6 giant cockroaches
  8 goblins
  8 hobgoblins
  3 jackals (D:4)
  8 kobolds
  4 quokkas
  3 ball pythons
  10 frilled lizards
  5 rats
156 creatures vanquished.

Vanquished Creatures (others)
  A slave (D:8)
  A frilled lizard (D:2)
2 creatures vanquished.

Grand Total: 158 creatures vanquished

Notes
Turn   | Place    | Note
-------+----------+-------------------------------------------
     0 | D:1      | Gorglomux the Minotaur Earth Elementalist began the quest for the Orb.
     0 | D:1      | Reached XP level 1. HP: 14/14 MP: 1/1
   327 | D:1      | Reached skill level 1 in Fighting
   327 | D:1      | Reached skill level 1 in Armour
   703 | D:1      | Reached XP level 2. HP: 23/23 MP: 3/3
  1046 | D:2      | Reached XP level 3. HP: 25/29 MP: 4/4
  1111 | D:2      | Found a radiant altar of Vehumet.
  1795 | D:2      | Reached skill level 3 in Armour
  1974 | D:2      | Reached skill level 3 in Fighting
  2167 | D:2      | Found an iron altar of Okawaru.
  2476 | D:2      | Reached XP level 4. HP: 38/38 MP: 0/5
  2516 | D:2      | Became a worshipper of Warmaster Okawaru
  2847 | D:3      | Reached skill level 1 in Axes
  3012 | D:3      | Found a glowing golden altar of the Shining One.
  3551 | D:4      | Reached XP level 5. HP: 43/46 MP: 4/6
  3640 | D:4      | Found a staircase to the Ecumenical Temple.
  3657 | D:4      | Found a shadowy altar of Dithmenos.
  3839 | D:4      | Found an opulent altar of Gozag.
  4124 | D:4      | Reached XP level 6. HP: 44/53 MP: 7/7
  4144 | D:4      | Found Zin's Purification Station.
  4152 | D:4      | Reached skill level 3 in Axes
  4159 | D:4      | Noticed Gorglomux's ghost (amateur MiEE)
  4530 | D:4      | Killed Gorglomux's ghost
  4530 | D:4      | Reached * piety under Okawaru
  4547 | D:4      | Found a glowing silver altar of Zin.
  4811 | D:5      | Entered Level 5 of the Dungeon
  4832 | D:5      | Noticed an ice beast
  4850 | D:5      | Killed an ice beast
  4850 | D:5      | Reached XP level 7. HP: 54/61 MP: 8/8
  5198 | D:5      | Noticed a dagger
  5199 | D:5      | Noticed a dagger
  5202 | D:5      | Found a hide-covered altar of Uskayaw.
  5483 | D:5      | Reached ** piety under Okawaru
  5483 | D:5      | Reached skill level 6 in Armour
  5761 | D:5      | Found a glowing golden altar of the Shining One.
  5769 | D:5      | Reached skill level 6 in Fighting
  6386 | D:6      | Found an ancient bone altar of Kikubaaqudgha.
  6437 | D:6      | Reached XP level 8. HP: 64/71 MP: 9/9
  6470 | D:6      | Noticed Prince Ribbit
  6497 | D:6      | Killed Prince Ribbit
  6497 | D:6      | Reached skill level 6 in Axes
  7209 | D:6      | Reached *** piety under Okawaru
  7333 | D:6      | Noticed Sigmund
  7343 | D:6      | Killed Sigmund
  7519 | D:7      | Found a sacrificial altar of Ru.
  7745 | D:7      | Reached XP level 9. HP: 60/81 MP: 7/10
  8855 | D:8      | Noticed Pikel
  8875 | D:8      | Killed Pikel
  8875 | D:8      | Reached skill level 9 in Fighting
  8875 | D:8      | Reached skill level 9 in Armour
  8903 | D:8      | HP: 3/83 [chaos spawn (15)]
  8910 | D:8      | Slain by a chaos spawn

Vault maps used:
D:1:      dpeg_arrival_snail
D:2:      fiery_altar_vehumet, okawaru_altar_gauntlet_db,
          minmay_misc_feat_cross, nicolae_underground_beach
D:3:      kennysheep_flooded_box, minivault_27
D:4:      zin_purify, lemuel_doored_altar, minmay_temple_entry_overgrown,
          nicolae_dithmenos_through_a_glass_darkly
D:5:      marbit_many_paths, dancing_weapons_uskayaw, first_ration
D:6:      lemuel_round_altar, uniq_prince_ribbit1, uniq_sigmund
D:7:      nicolae_overflow_crystal_walls, grunt_ogre_cave
D:8:      lemuel_crystal_altar, basic_altar, minmay_guarded_unrand_variability,
          uniq_pikel

Skill      XL: |  1  2  3  4  5  6  7  8  9 |
---------------+----------------------------+-----
Fighting       | 1 2 3 4 5 6 8 9 |  9.2
Armour         | 1 2 3 4 5 6 8 9 |  9.3
Axes           | 1 2 4 5 7 8 |  8.6
Dodging        | |  2.1
Stealth        | |  1.5
Spellcasting   | |  1.3
Transmutations | |  0.7
Earth Magic    | |  2.4

Action                   |  1- 3 |  4- 6 |  7- 9 || total
-------------------------+-------+-------+-------++-------
Melee: Unarmed           |    23 |       |       ||    23
       Headbutt          |    11 |    44 |    73 ||   128
       Spear             |    65 |       |       ||    65
       Dagger            |     9 |   115 |   345 ||   469
       Hand axe          |     2 |   198 |    67 ||   267
 Cast: Sandblast         |    16 |     1 |       ||    17
Invok: Heroism           |       |       |     5 ||     5
  Use: Potion            |       |     1 |     3 ||     4
       Scroll            |       |       |    10 ||    10
 Stab: Sleeping          |     5 |       |       ||     5
  Eat: Chunk             |     4 |     8 |    19 ||    31
       Ration            |       |       |     1 ||     1
Armor: Robe              |    16 |     6 |       ||    22
       Plate armour      |       |   218 |   285 ||   503
       Chain mail        |       |    29 |       ||    29
Dodge: Dodged            |    58 |    76 |    99 ||   233

Table legend:
 A = Spawn XP
 B = Non-spawn XP
 C = Spawn XP percentage of total XP
 D = Spawn monster count
 E = Non-spawn monster count
 F = Spawn count percentage of total count
 G = Total turns spent on level
                    A         B        C        D         E        F      G
               +---------+---------+-------+---------+---------+-------+---------
         Total |       0 |    4189 |   0.0 |       0 |     156 |   0.0 |  8910
               +---------+---------+-------+---------+---------+-------+---------
           D:1 |       0 |      31 |   0.0 |       0 |      15 |   0.0 |  1126
           D:2 |       0 |      70 |   0.0 |       0 |      26 |   0.0 |  1454
           D:3 |       0 |      71 |   0.0 |       0 |      25 |   0.0 |  1278
           D:4 |       0 |     534 |   0.0 |       0 |      21 |   0.0 |   955
           D:5 |       0 |     622 |   0.0 |       0 |      16 |   0.0 |  1473
           D:6 |       0 |    1274 |   0.0 |       0 |      19 |   0.0 |  1107
           D:7 |       0 |     865 |   0.0 |       0 |      31 |   0.0 |  1402
           D:8 |       0 |     722 |   0.0 |       0 |       3 |   0.0 |   115
               +---------+---------+-------+---------+---------+-------+---------
